Map: Terrasses de Prion

Players

ggJa - Winner!

  • Race: Zerg Zerg
  • League: Gold
  • Spawn Location: 5:00

zidar

  • Race: Zerg Zerg
  • League: Silver
  • Spawn Location: 11:00

VOD

Have the link to the VOD?

Description

Time

  • Played on: Feb. 9, 2016, 11:27 a.m.
  • Length: 6:27
Show
View Real Time Build Order
Export as new Build Order

ggJa Zerg - Winner!

Build Orders: Pool First 

Get SALT Encoding   

  12  0:02  Drone  
  13  0:11  Extractor  
  13  0:12  Drone  
  13  0:16  Drone  
  14  0:25  Extractor  
  14  0:26  Drone  
  15  0:44  Spawning Pool  
  15  0:47  Overlord  
  14  0:51  Extractor  
  14  0:53  Drone  
  15  1:05  Drone x2  
  15  1:09  Drone  
  18  1:34  Drone x2  
  18  1:36  Queen  
  22  1:46  Evolution Chamber  
  21  1:49  Drone  
  22  1:54  Extractor  
  22  1:56  Drone  
  22  2:02  Overlord  
  22  2:13  Metabolic Boost  
  22  2:17  Zerg Melee Weapons Level 1  
  22  2:20  Zergling x2  
  23  2:24  Zergling x2  
  24  2:39  Zergling x2  
  25  2:47  Evolution Chamber  
  24  2:53  Zergling x2  
  24  2:57  Zergling x4  
  24  2:58  Zergling x2  
  28  3:14  Zerg Ground Armor Level 1  
  28  3:17  Zergling x2  
  28  3:19  Zergling x2  
  30  3:28  Overlord x3  
  30  3:46  Zergling x2  
  31  3:48  Zergling x2  
  32  3:58  Zergling x2  
  32  3:59  Zergling x4  
  35  4:10  Zergling x2  
  35  4:12  Zergling x2  
  35  4:14  Hatchery  
  36  4:24  Lair  
  36  4:26  Zergling x2  
  37  4:33  Zergling x6  
  40  4:39  Zergling x2  
  41  4:46  Zergling x2  
  42  4:57  Zergling x2  
  43  5:07  Zergling x2  
  39  5:34  Zergling x2  
  39  5:35  Zergling x6  
  40  5:39  Zergling x2  
  40  5:40  Zergling x2  
  41  5:46  Zergling x2  
Show
View Real Time Build Order
Export as new Build Order

zidar Zerg 

Build Orders: Pool First 

Get SALT Encoding   

  12  0:02  Drone  
  13  0:12  Overlord  
  13  0:17  Drone  
  14  0:31  Drone x2  
  14  0:35  Drone  
  17  0:50  Spawning Pool  
  17  0:52  Drone  
  17  1:12  Hatchery  
  17  1:14  Drone  
  17  1:18  Extractor  
  16  1:31  Drone  
  17  1:37  Queen  
  19  1:42  Zergling x2  
  19  1:43  Zergling x2  
  21  1:52  Spine Crawler  
  20  2:21  Queen  
  22  2:33  Zergling x8  
  26  2:43  Zergling x2  
  27  2:49  Roach Warren  
  25  3:04  Metabolic Boost  
  25  3:18  Zergling x6  
  28  3:21  Overlord x2  
  28  3:40  Roach  
  34  3:41  Roach x2  
  34  4:25  Overlord x2  
  34  4:28  Roach x4  
  42  5:05  Drone x6  
  42  5:06  Drone  
  49  5:08  Drone  
  42  5:30  Roach x4  
  42  5:32  Zergling x2  
  32  5:45  Roach x3  
Tags
 
Add a new tag
Caveats
  • Supply blocks, unpowered buildings, or Contaminate may cause inaccurate times.
  • Supply counts are checked every 10 seconds.